 Dungeon Crawl Stone Soup version 0.29-a0-330-g52719c12eb (webtiles) character file.

Game seed: 14949311845397811480

29 kae the Insei (level 2, -1/23 HPs)
             Began as a Demigod Transmuter on Apr 21, 2022.
             Succumbed to an adder's poison
             ... on level 2 of the Dungeon.
             The game lasted 00:01:11 (1243 turns).

kae the Insei (Demigod Transmuter)                  Turns: 1243, Time: 00:01:12

Health: -1/23      AC:  2    Str: 11    XL:     2   Next: 81%
Magic:  6/7        EV: 12    Int: 15    God:
Gold:   30         SH:  0    Dex: 14    Spells: 4/5 levels left

rFire   . . .      SeeInvis .     - Unarmed
rCold   . . .      Faith    .   (no shield)
rNeg    . . .      Spirit   .   a - +0 robe
rPois   .          Reflect  .   (helmet currently unavailable)
rElec   .          Harm     .   (no cloak)
rCorr   .          Rampage  .   (no gloves)
Will    .....                   (boots currently unavailable)
Stlth   +.........              (no amulet)
HPRegen 0.07/turn               (no ring)
MPRegen 0.10/turn               (no ring)

@: brilliant, lethally poisoned (-1 -> -9), appendages
A: horns 2, talons 2, high MP 1, forlorn, divine attributes
a: End Transformation


You were on level 2 of the Dungeon.
You had temporarily grown beastly horns and talons.
You visited 1 branch of the dungeon, and saw 2 of its levels.

You collected 30 gold pieces.

Inventory:

Armour
 a - a +0 robe (worn)
 j - a +1 helmet (melded)
Potions
 b - 2 potions of lignification
 c - a potion of brilliance
 d - a potion of flight {unknown}
 i - 2 potions of attraction {unknown}


   Skills:
 + Level 1.4 Fighting
 - Level 1.7 Dodging
 + Level 3.0 Unarmed Combat
 + Level 2.1 Spellcasting
 + Level 2.2 Transmutations


You had 4 spell levels left.
You knew the following spells:

 Your Spells              Type           Power      Damage    Failure   Level
a - Beastly Appendage     Tmut           24%        N/A       9%          1

Your spell library contained the following spells:

 Spells                   Type           Power      Damage    Failure   Level
 Wereblood                Tmut           12%        N/A       14%         2
 Passwall                 Tmut/Erth      5%         N/A       22%         2
 Ensorcelled Hibernation  Hex/Ice        4%         N/A       32%         2
 Spider Form              Tmut/Pois      7%         N/A       38%         3
 Swiftness                Air            2%         N/A       54%         3
 Ice Form                 Ice/Tmut       7%         N/A       80%         4


Dungeon Overview and Level Annotations

Branches:
Dungeon (2/15)


Innate Abilities, Weirdness & Mutations

You have temporarily grown beastly horns and talons.
You have an increased reservoir of magic. (+10% MP)
You shall have no god before yourself.
Your divine heritage dramatically boosts your attributes as you level up.


Message History

You barely miss the adder. Your headbutt misses the adder.
The adder is lightly wounded.
The adder closely misses you. The goblin hits you but does no damage.
The adder barely misses you.
You closely miss the adder. Your kick misses the adder.
The adder is lightly wounded.
Your transformation is almost over.
The goblin hits you with a +0 club. The adder barely misses you.
You are too injured to fight recklessly!
You are too injured to fight recklessly!
There are monsters nearby!
You are too injured to fight recklessly!
You are too injured to fight recklessly!
You are too injured to fight recklessly!
You are too injured to fight recklessly!
You hit the adder but do no damage. Your kick misses the adder.
The adder is lightly wounded.
The adder bites you.
You are poisoned.
The adder poisons you! The goblin misses you.
Casting: Beastly Appendage (safe; 9% risk of failure)
Confirm with . or Enter, or press ? or * to list all spells.
You extend your transformation's duration.
You feel sick. The adder bites you.
You are lethally poisoned!
The adder poisons you! The goblin hits you with a +0 club.
* * * LOW HITPOINT WARNING * * *
You feel sick. The adder bites you.
* * * LOW HITPOINT WARNING * * *
The goblin closely misses you. The adder closely misses you.
You hit the adder. You claw the adder.
The adder is heavily wounded.
* * * LOW HITPOINT WARNING * * *
You feel sick. The goblin hits you but does no damage. The adder bites you.
* * * LOW HITPOINT WARNING * * *
You are more poisoned.
The adder poisons you!
It was a potion of brilliance.
You feel clever all of a sudden.
You die...

........### #.# ##.....##...
..........## ..# ##.........
...........##.######....##...
.........#.##.# #.......##.<.
..............# #>...#.......
..[.....##.#..###............
####...###.#...##.....[......
#.>. ..#...##.)..........
##.# ##.#@..##............ #.
#.#gS?.#.....##..###
#........#... ##..
#............ ##..
#...###.... ###.# ##.. #.. #.
...


You could see an adder and a goblin.

Vanquished Creatures
  A dart slug (D:1)
  4 bats (D:1)
  An endoplasm (D:1)
  5 goblins (D:1)
  A hobgoblin (D:1)
  4 jackals (D:1)
  3 kobolds (D:1)
  A quokka (D:1)
  A ball python (D:1)
  A frilled lizard (D:1)
  A rat (D:1)
23 creatures vanquished.

Notes
Turn   | Place    | Note
-------+----------+-------------------------------------------
     0 | D:1      | kae the Demigod Transmuter began the quest for the Orb.
     0 | D:1      | Reached XP level 1. HP: 15/15 MP: 5/5
   105 | D:1      | Reached skill level 1 in Fighting
   285 | D:1      | Reached XP level 2. HP: 18/23 MP: 5/7
   617 | D:1      | Reached skill level 3 in Unarmed Combat
  1242 | D:2      | HP: 1/23 [adder (1)]
  1243 | D:2      | Succumbed to an adder's poison

Illustrated notes

Levels and vault maps discovered:
D:1:      ncdulo_lavacross, layout_basic
D:2:      layout_rooms, shapermc_ecumenical_altar_mp_vishouse,
          minmay_split_cup_large

Skill      XL: |  1  2 |
---------------+-------+-----
Fighting       | 1 |  1.4
Transmutations | 2 |  2.2
Spellcasting   | 2 |  2.1
Unarmed Combat | 3 |  3.0
Dodging        | |  1.7

Action                   || total
-------------------------++-------
Melee: Unarmed           ||    59
       Kick              ||     9
       Headbutt          ||     5
 Cast: Beastly Appendage ||    15
  Use: Scroll            ||     4
       Potion            ||     1
 Stab: Sleeping          ||     1
Armor: Robe              ||    15
Dodge: Dodged            ||    54

Table legend: (Time is in decaauts)
 A = Elapsed time spent in this place.
 B = Non-inter-level travel time spent in this place.
 C = Inter-level travel time spent in this place.
 D = Time resting spent in this place.
 E = Time spent auto-exploring this place.
 F = Levels seen in this place.
 G = Mean time per level.
                   A        B        C        D        E       F      G
               +--------+--------+--------+--------+--------+-----+--------+
         Total |   1240 |   1153 |     87 |      0 |    971 |   2 |  620.0 |
       Dungeon |   1240 |   1153 |     87 |      0 |    971 |   2 |  620.0 |
               +--------+--------+--------+--------+--------+-----+--------+

Top non-repeatable levels by time:
     D:1: 1185 daAuts
     D:2: 54 daAuts
